 Dungeon Crawl Stone Soup version 0.29-a0-495-g17b79114eb (webtiles) character file.

Game seed: 9678804893601879126

881 croobank the Covert (level 8, -7/67 HPs)
             Began as a Gnoll Delver on May 27, 2022.
             Mangled by a gnoll
             ... wielding a +0 flail
             ... led by a gnoll sergeant
              (9 damage)
             ... on level 5 of the Dungeon.
             The game lasted 00:14:19 (4615 turns).

croobank the Covert (Gnoll Delver)                  Turns: 4615, Time: 00:14:19

Health: -7/67      AC:  8    Str: 12    XL:     8   Next: 5%
Magic:  21/21      EV: 13    Int: 12    God:
Gold:   176        SH:  0    Dex: 13    Spells: 12/12 levels left

rFire   . . .      SeeInvis .   l - +4 quarterstaff (pain)
rCold   . . .      Faith    .   (shield currently unavailable)
rNeg    . . .      Spirit   .   b - +0 leather armour
rPois   .          Reflect  .   (no helmet)
rElec   .          Harm     .   s - +0 cloak
rCorr   .          Rampage  .   (no gloves)
Will    .....                   (no boots)
Stlth   ++++......              (no amulet)
HPRegen 0.21/turn               f - +4 ring of protection
MPRegen 0.17/turn               o - ring of magical power

@: lethally poisoned (-7 -> -11), hasted, very quick
A: fangs 1, strong nose, distributed training
a: no special abilities


You were on level 5 of the Dungeon.
You visited 1 branch of the dungeon, and saw 5 of its levels.

You collected 176 gold pieces.

Inventory:

Hand Weapons
 a - a +0 hand axe
 j - a +2 whip of holy wrath
 l - a +4 quarterstaff of pain (weapon)
 m - a +0 dagger
 n - a +2 quarterstaff of chaos
 y - a +0 scythe
Missiles
 h - 2 poisoned darts (quivered)
 i - 81 stones
Armour
 b - a +0 leather armour (worn)
 s - a +0 cloak (worn)
 v - a +1 chain mail of positive energy
Jewellery
 f - a +4 ring of protection (left hand)
 o - a ring of magical power (right hand)
 x - an amulet of guardian spirit
Wands
 g - a wand of digging (3)
Scrolls
 c - 2 scrolls of fog
 d - a scroll of magic mapping
 e - 2 scrolls of fear
 u - a scroll of immolation {unknown}
Potions
 k - a potion of degeneration
 p - 2 potions of brilliance
 q - a potion of might
 w - a potion of flight {unknown}


   Skills:
 + Level 7.2 Fighting
 + Level 2.9 Short Blades
 + Level 2.9 Long Blades
 + Level 5.4 Axes
 + Level 2.9 Maces & Flails
 + Level 2.9 Polearms
 + Level 2.9 Staves
 + Level 2.9 Slings
 + Level 2.9 Bows
 + Level 2.9 Crossbows
 + Level 2.9 Throwing
 + Level 2.9 Armour
 + Level 5.4 Dodging
 + Level 10.0 Stealth
 + Level 2.9 Shields
 + Level 2.9 Unarmed Combat
 + Level 2.9 Spellcasting
 + Level 2.3 Conjurations
 + Level 2.3 Hexes
 + Level 2.3 Summonings
 + Level 2.3 Necromancy
 + Level 2.3 Translocations
 + Level 2.3 Transmutations
 + Level 2.3 Fire Magic
 + Level 2.3 Ice Magic
 + Level 2.3 Air Magic
 + Level 2.3 Earth Magic
 + Level 2.3 Poison Magic
 + Level 3.2 Invocations
 + Level 2.9 Evocations


You had 12 spell levels left.
You didn't know any spells.
Your spell library contained the following spells:

 Spells                   Type           Power      Damage    Failure   Level
 Shock                    Conj/Air       28%        1d4       12%         1
 Summon Guardian Golem    Hex/Summ       7%         N/A       34%         3
 Swiftness                Air            7%         N/A       34%         3
 Airstrike                Air            3%         N/A       75%         4
 Freezing Cloud           Conj/Ice/Air   3%         6-21      97%         5
 Simulacrum               Ice/Necr       3%         N/A       100%        6
 Orb of Destruction       Conj           3%         9d5       100%        7
 Spellforged Servitor     Conj/Summ      3%         N/A       100%        7
 Polar Vortex             Ice            3%         N/A       100%        9


Dungeon Overview and Level Annotations

Branches:
Dungeon (5/15)
 Temple: D:4-7

Altars:
Dithmenos


Innate Abilities, Weirdness & Mutations

You have very sharp teeth.
Your uncanny sense of smell can sniff out nearby items.
Your experience applies equally to all skills.


Message History

* * * LOW HITPOINT WARNING * * *
You hit the gnoll sergeant but do no damage.
The gnoll sergeant writhes in agony.
The gnoll sergeant is almost dead.
You feel sick.
The gnoll sergeant hits you but does no damage.
You barely miss the gnoll sergeant.
You bite the gnoll sergeant, but do no damage.
The gnoll sergeant is almost dead.
You feel sick.
The gnoll sergeant hits you with a +0 spear of venom!
* * * LOW HITPOINT WARNING * * *
You are lethally poisoned!
The gnoll closely misses you.
The gnoll sergeant completely misses you.
You feel better. The gnoll barely misses you.
The gnoll sergeant completely misses you.
You barely miss the gnoll sergeant.
You bite the gnoll sergeant, but do no damage.
The gnoll sergeant is almost dead.
The gnoll closely misses you. The gnoll sergeant misses you.
You hit the gnoll sergeant.
The gnoll sergeant is almost dead.
The gnoll barely misses you.
The gnoll sergeant hits you with a +0 spear of venom.
* * * LOW HITPOINT WARNING * * *
You are poisoned.
Okay, then.
You sock the gnoll sergeant!
You kill the gnoll sergeant!
* * * LOW HITPOINT WARNING * * *
You feel very sick. The gnoll hits you with a +0 flail.
* * * LOW HITPOINT WARNING * * *
You have reached level 8!
You feel clever.
You feel yourself speed up.
* * * LOW HITPOINT WARNING * * *
You feel sick. The gnoll hits you with a +0 flail!
You die...

..... ..g# ..#
#.## ###..#
###....##
###.......#
###..g.......# #
###<..@)...###....
... ###.....)..###
..##
#...#........###
## ###.......####
.......>###
......### ....##
..## #


You could see a gnoll.

Vanquished Creatures
  Sigmund (D:4)
  A steam dragon (D:4)
  A phantom (D:4)
  A gnoll sergeant (D:5)
  A necrophage (D:4)
  An elf skeleton (D:4)
  A howler monkey (D:5)
  3 human zombies (D:4)
  Crazy Yiuf (D:3)
  A human skeleton (D:4)
  3 adders
  5 gnolls
  A white imp (D:5)
  3 worms
  3 orcs
  6 bats
  7 endoplasms
  4 giant cockroaches
  5 goblins
  7 hobgoblins
  2 jackals (D:4)
  4 kobolds
  2 quokkas
  10 ball pythons
  5 frilled lizards
  An orc zombie (D:4)
  3 rats
83 creatures vanquished.

Notes
Turn   | Place    | Note
-------+----------+-------------------------------------------
     0 | D:5      | Reached skill level 9 in Stealth
     0 | D:5      | croobank the Gnoll Delver began the quest for the Orb.
     0 | D:5      | Reached XP level 1. HP: 23/23 MP: 1/1
    64 | D:4      | HP: 1/34 [human zombie (5)]
    66 | D:4      | Reached XP level 2. HP: 2/29 MP: 2/2
    66 | D:4      | Reached XP level 3. HP: 2/35 MP: 3/3
   357 | D:4      | Found a sand-covered staircase.
   699 | D:4      | Reached skill level 1 in Short Blades
   699 | D:4      | Reached skill level 1 in Long Blades
   699 | D:4      | Reached skill level 1 in Maces & Flails
   699 | D:4      | Reached skill level 1 in Polearms
   699 | D:4      | Reached skill level 1 in Staves
   699 | D:4      | Reached skill level 1 in Slings
   699 | D:4      | Reached skill level 1 in Bows
   699 | D:4      | Reached skill level 1 in Crossbows
   699 | D:4      | Reached skill level 1 in Throwing
   699 | D:4      | Reached skill level 1 in Armour
   699 | D:4      | Reached skill level 1 in Shields
   699 | D:4      | Reached skill level 1 in Unarmed Combat
   699 | D:4      | Reached skill level 1 in Spellcasting
   699 | D:4      | Reached skill level 1 in Invocations
   699 | D:4      | Reached skill level 1 in Evocations
   699 | D:4      | Reached XP level 4. HP: 25/41 MP: 3/5
  1857 | D:2      | Reached skill level 1 in Conjurations
  1857 | D:2      | Reached skill level 1 in Hexes
  1857 | D:2      | Reached skill level 1 in Summonings
  1857 | D:2      | Reached skill level 1 in Necromancy
  1857 | D:2      | Reached skill level 1 in Translocations
  1857 | D:2      | Reached skill level 1 in Transmutations
  1857 | D:2      | Reached skill level 1 in Fire Magic
  1857 | D:2      | Reached skill level 1 in Ice Magic
  1857 | D:2      | Reached skill level 1 in Air Magic
  1857 | D:2      | Reached skill level 1 in Earth Magic
  1857 | D:2      | Reached skill level 1 in Poison Magic
  2360 | D:3      | Found a shadowy altar of Dithmenos.
  2467 | D:3      | Reached XP level 5. HP: 47/47 MP: 6/6
  2687 | D:3      | Found a runed translucent door.
  2736 | D:3      | Noticed Crazy Yiuf
  2825 | D:3      | Identified a scroll of acquirement
  2825 | D:3      | Acquired a +3 quarterstaff of pain
  2830 | D:3      | Killed Crazy Yiuf
  3132 | D:4      | Reached XP level 6. HP: 53/53 MP: 8/8
  3160 | D:4      | Noticed a steam dragon
  3176 | D:4      | Killed a steam dragon
  3177 | D:4      | Reached skill level 5 in Axes
  3177 | D:4      | Reached skill level 5 in Dodging
  3575 | D:4      | Reached XP level 7. HP: 56/59 MP: 10/10
  3600 | D:4      | Noticed Sigmund
  3937 | D:4      | Killed Sigmund
  4069 | D:4      | Reached skill level 10 in Stealth
  4614 | D:5      | HP: 2/60 [gnoll/+0 flail[a gnoll sergeant] (6)]
  4615 | D:5      | Reached XP level 8. HP: 2/67 MP: 12/12
  4615 | D:5      | Mangled by a gnoll

Illustrated notes

Levels and vault maps discovered:
D:1:      dpeg_arrival_tiny_b, layout_basic
D:2:      layout_rooms, kennysheep_generic_room_15
D:3:      layout_rooms, nicolae_dithmenos_shadow_blocks, serial_bayou_lagoon_a,
          uniq_crazy_yiuf_cottage
D:4:      layout_loops_ring, nicolae_ossuary_entry_catacombs, sigmund_army
D:5:      layout_cave_pods, minmay_misc_feat_plants, uniq_edmund

Skill      XL: |  1  2  3  4  5  6  7 |
---------------+----------------------+-----
Stealth        | 10 | 10.0
Short Blades   | 1 2 |  2.9
Long Blades    | 1 2 |  2.9
Maces & Flails | 1 2 |  2.9
Polearms       | 1 2 |  2.9
Staves         | 1 2 |  2.9
Slings         | 1 2 |  2.9
Bows           | 1 2 |  2.9
Crossbows      | 1 2 |  2.9
Throwing       | 1 2 |  2.9
Armour         | 1 2 |  2.9
Shields        | 1 2 |  2.9
Unarmed Combat | 1 2 |  2.9
Spellcasting   | 1 2 |  2.9
Invocations    | 1 2 3 |  3.2
Evocations     | 1 2 |  2.9
Conjurations   | 1 2 |  2.3
Hexes          | 1 2 |  2.3
Summonings     | 1 2 |  2.3
Necromancy     | 1 2 |  2.3
Translocations | 1 2 |  2.3
Transmutations | 1 2 |  2.3
Fire Magic     | 1 2 |  2.3
Ice Magic      | 1 2 |  2.3
Air Magic      | 1 2 |  2.3
Earth Magic    | 1 2 |  2.3
Poison Magic   | 1 2 |  2.3
Axes           | 5 |  5.4
Dodging        | 5 |  5.4
Fighting       | 7 |  7.2

Action                   |  1- 3 |  4- 6 |  7- 9 || total
-------------------------+-------+-------+-------++-------
Melee: Hand axe          |    33 |    27 |       ||    60
       Bite              |     7 |    13 |     9 ||    29
       Punch             |     1 |     1 |     1 ||     3
       Whip              |       |   106 |    19 ||   125
       Quarterstaff      |       |    49 |    50 ||    99
  Use: Potion            |     2 |     1 |     3 ||     6
       Scroll            |       |     7 |       ||     7
 Stab: Sleeping          |     2 |    21 |     3 ||    26
       Distracted        |     1 |       |       ||     1
Armor: Leather armour    |       |    61 |    20 ||    81
Dodge: Dodged            |    10 |   130 |    70 ||   210

Table legend: (Time is in decaauts)
 A = Elapsed time spent in this place.
 B = Non-inter-level travel time spent in this place.
 C = Inter-level travel time spent in this place.
 D = Time resting spent in this place.
 E = Time spent auto-exploring this place.
 F = Levels seen in this place.
 G = Mean time per level.
                   A        B        C        D        E       F      G
               +--------+--------+--------+--------+--------+-----+--------+
         Total |   4660 |   4517 |    143 |   1367 |   2125 |   5 |  932.0 |
       Dungeon |   4660 |   4517 |    143 |   1367 |   2125 |   5 |  932.0 |
               +--------+--------+--------+--------+--------+-----+--------+

Top non-repeatable levels by time:
     D:4: 2409 daAuts
     D:1: 797 daAuts
     D:3: 749 daAuts
     D:2: 611 daAuts
     D:5: 93 daAuts
